 Dungeon Crawl Stone Soup version 0.27-a0-1196-g3e9cee4cb2 (webtiles) character file.

Game seed: 6158211683965828230

50 bande the Shield-Bearer (level 3, -3/23 HPs)
             Began as a Gargoyle Fighter on May 28, 2021.
             Slain by Terence
             ... wielding a +5 hand axe of flaming
              (12 damage)
             ... on level 2 of the Dungeon.
             The game lasted 00:01:45 (1748 turns).

bande the Shield-Bearer (Gargoyle Fighter)          Turns: 1748, Time: 00:01:45

Health: -3/23      AC: 10    Str: 19    XL:     3   Next: 79%
Magic:  3/3        EV:  7    Int:  8    God:
Gold:   58         SH:  9    Dex: 10    Spells: 2/2 levels left

rFire    . . .     SeeInvis .   a - +0 war axe
rCold    . . .     Faith    .   c - +0 kite shield
rNeg     + . .     Spirit   .   b - +0 scale mail
rPois    ∞         Reflect  .   (no helmet)
rElec    +         Harm     .   (no cloak)
rCorr    .         Rampage  .   (no gloves)
Will     .....                  (no boots)
Stlth    ..........             (no amulet)
HPRegen  0.07/turn              (no ring)
MPRegen  0.08/turn              (no ring)

@: no status effects
A: sickness immunity, AC +3, negative energy resistance 1, electricity
resistance, torment resistance 1, petrification resistance
a: no special abilities


You were on level 2 of the Dungeon.
You visited 1 branch of the dungeon, and saw 2 of its levels.

You collected 58 gold pieces.

Inventory:

Hand Weapons
 a - a +0 war axe (weapon)
Armour
 b - a +0 scale mail (worn)
 c - a +0 kite shield (worn)
Jewellery
 g - a +6 ring of intelligence
Scrolls
 e - a scroll of silence {unknown}
 f - 3 scrolls of identify {unknown}
 h - 2 scrolls of vulnerability {unknown}
Potions
 d - a potion of might
 i - a potion of degeneration {unknown}
 j - 2 potions of curing {unknown}
 k - a potion of heal wounds {unknown}
 l - a potion of lignification {unknown}


   Skills:
 + Level 3.6 Fighting
 + Level 2.6 Axes
 + Level 3.4 Armour
 + Level 3.9 Shields


You had 2 spell levels left.
You didn't know any spells.
Your spell library was empty.

Dungeon Overview and Level Annotations

Branches:
Dungeon (2/15)

Altars:

Annotations:
D:2 Terence


Innate Abilities, Weirdness & Mutations

You are immune to sickness and miasma.
Your stone body is resilient. (AC +3)
You are immune to poison.
You resist negative energy. (rN+)
You are resistant to electric shocks. (rElec)
You are resistant to unholy torment.
You are immune to petrification.


Message History

There is a stone staircase leading down here.
Terence the Incautious comes into view.
He is wielding a +5 hand axe of flaming.
Terence shouts!
Terence is nearby!
A kobold comes into view. It is wielding a +0 dagger.
The kobold shouts!
Terence shouts, "Now you die!" Terence barely misses you.
You slash Terence!
Terence is severely wounded.
Terence completely misses you. Terence closely misses you.
You hit Terence.
Terence is almost dead.
You block Terence's attack.
You closely miss Terence.
Terence is almost dead.
Terence hits you with a +5 hand axe of flaming.
Terence burns you. Terence hits you but does no damage.
Your scale mail prevents you from hitting Terence.
Terence is almost dead.
You hit the kobold but do no damage. The kobold hits you but does no damage.
Terence hits you with a +5 hand axe of flaming.
Terence burns you.
You barely miss Terence.
Terence is almost dead.
You hit the kobold.
You kill the kobold!
Terence hits you with a +5 hand axe of flaming.
Terence burns you. Terence hits you but does no damage.
You are too injured to fight recklessly!
You are too injured to fight recklessly!
You are too injured to fight recklessly!
You are too injured to fight recklessly!
You are too injured to fight recklessly!
Unknown command.
You hit Terence but do no damage.
Terence is almost dead.
Terence hits you with a +5 hand axe of flaming!
Ouch! That really hurt!
You die...

#..........####..............
#......)..>'..'..............
#..........####..............
#.............###............
#.............# #............
#.............# #............
#.............# #............
#.............# #............
####+#####..@.# #############
#....@)....# #..........#
#..........# #..........#
#............ .............
.#............


You could see Terence.

Vanquished Creatures
  An adder (D:2)
  2 worms (D:2)
  A dart slug (D:1)
  5 endoplasms
  A giant cockroach (D:1)
  2 goblins
  4 hobgoblins (D:1)
  2 jackals (D:1)
  2 kobolds (D:2)
  3 ball pythons (D:1)
  3 bats (D:1)
  2 frilled lizards
  3 rats
31 creatures vanquished.

Notes
Turn   | Place    | Note
-------+----------+-------------------------------------------
     0 | D:1      | bande the Gargoyle Fighter began the quest for the Orb.
     0 | D:1      | Reached XP level 1. HP: 14/14 MP: 1/1
   245 | D:1      | Reached XP level 2. HP: 18/19 MP: 2/2
   321 | D:1      | Found a faded altar of an unknown god.
   862 | D:1      | Reached XP level 3. HP: 22/23 MP: 3/3
  1739 | D:2      | Noticed Terence
  1748 | D:2      | Slain by Terence

Illustrated notes

Levels and vault maps discovered:
D:1:      matt_arrival_spirals, layout_loops_ring,
          hellmonk_ecumenical_altar_crossroads
D:2:      layout_basic, minmay_fractal_squares_gapless_5, uniq_terence

Skill      XL: |  1 |
---------------+----+-----
Axes           | 2 |  2.6
Fighting       | |  3.6
Armour         | |  3.4
Shields        | |  3.9

Action                   || total
-------------------------++-------
Melee: War axe           ||   101
Armor: Scale mail        ||    46
Dodge: Dodged            ||    30
Block: Kite shield       ||    54

Table legend: (Time is in decaauts)
 A = Elapsed time spent in this place.
 B = Non-inter-level travel time spent in this place.
 C = Inter-level travel time spent in this place.
 D = Time resting spent in this place.
 E = Time spent auto-exploring this place.
 F = Levels seen in this place.
 G = Mean time per level.
                   A        B        C        D        E       F      G
               +--------+--------+--------+--------+--------+-----+--------+
         Total |   1811 |   1811 |      0 |      0 |   1534 |   2 |  905.5 |
       Dungeon |   1811 |   1811 |      0 |      0 |   1534 |   2 |  905.5 |
               +--------+--------+--------+--------+--------+-----+--------+

Top non-repeatable levels by time:
     D:1: 1180 daAuts
     D:2: 631 daAuts
